 Dungeon Crawl Stone Soup version 0.27-a0-590-g94244163b4 (webtiles) character file.

Game seed: 3718417619001619408

253 Anon1729 the Sneak (level 6, -16/32 HPs)
             Began as a Kobold Air Elementalist on Mar 10, 2021.
             Demolished by an ogre
             ... wielding a +0 giant club
              (29 damage)
             ... on level 4 of the Dungeon.
             The game lasted 00:09:57 (4512 turns).

Anon1729 the Sneak (Kobold Air Elementalist)        Turns: 4512, Time: 00:09:58

Health: -16/32     AC:  3    Str:  5    XL:     6   Next: 37%
Magic:  9/11       EV: 16    Int: 19    God:
Gold:   99         SH:  0    Dex: 15    Spells: 2/12 levels left

rFire    . . .     SeeInvis .   f - +0 dagger
rCold    . . .     Faith    .   (shield restricted)
rNeg     . . .     Spirit   .   a - +0 robe
rPois    .         Reflect  .   b - +0 helmet
rElec    .         Harm     .   (no cloak)
rCorr    .         Rampage  .   (no gloves)
Will     .....                  (no boots)
Stlth    ++++......             g - amulet of the acrobat
HPRegen  0.10/turn              (no ring)
MPRegen  0.12/turn              (no ring)

@: swift, quick
A: small, nightstalker 3
a: no special abilities


You were on level 4 of the Dungeon.
You visited 2 branches of the dungeon, and saw 5 of its levels.

You collected 99 gold pieces.

Inventory:

Hand Weapons
 f - a +0 dagger (weapon)
 k - a +0 long sword of holy wrath
Armour
 a - a +0 robe (worn)
 b - a +0 helmet (worn)
Jewellery
 g - an amulet of the acrobat (around neck)
 h - an amulet of guardian spirit
Scrolls
 d - a scroll of random uselessness {unknown}
 e - a scroll of blinking {unknown}
 i - a scroll of fog {unknown}
 j - 2 scrolls of teleportation {unknown}
Potions
 c - 2 potions of lignification {unknown}
 l - a potion of curing {unknown}


   Skills:
 + Level 3.9 Dodging
 + Level 4.5 Stealth
 + Level 3.5 Spellcasting
 + Level 2.6 Conjurations
 + Level 3.9 Air Magic


You had 2 spell levels left.
You knew the following spells:

 Your Spells              Type           Power      Damage    Failure   Level
a - Shock                 Conj/Air       60%        1d6       3%          1
b - Swiftness             Air            18%        N/A       4%          2
c - Static Discharge      Conj/Air       15%        N/A       11%         3
d - Airstrike             Air            9%         N/A       28%         4

Your spell library contained the following spells:

 Spells                   Type           Power      Damage    Failure   Level
 Lightning Bolt           Conj/Air       7%         1d20      71%         5


Dungeon Overview and Level Annotations

Branches:
Dungeon (4/15)             Temple (1/1) D:4

Altars:
Ashenzari
Cheibriados
Dithmenos
Elyvilon
Fedhas
Gozag
Hepliaklqana
Ru
Uskayaw
Vehumet
Yredelemnul


Innate Abilities, Weirdness & Mutations

You are small and have problems with some larger weapons.
You are completely attuned to the shadows.


Message History

You start resting.
An ogre comes into view. It is wielding a +0 giant club.
There is a staircase to the Ecumenical Temple, spattered with blood here.
Casting: Shock (safe; 3% risk of failure)
Confirm with . or Enter, or press ? or * to list all spells.
The spell is extremely dangerous to cast (28% risk of failure)!
Continue anyway?
Aiming: Airstrike (extremely dangerous; 28% risk of failure)
Press: ? - help, Dir - move target, f - ogre
Aim: an ogre, wielding a +0 giant club (wandering, hasn't noticed you)
You miscast Airstrike.
You are very lightly contaminated with residual magic.
Nothing appears to happen.
The ogre shouts!
Casting: Airstrike (extremely dangerous; 28% risk of failure)
Confirm with . or Enter, or press ? or * to list all spells.
The spell is extremely dangerous to cast (28% risk of failure)!
Continue anyway?
Aiming: Airstrike (extremely dangerous; 28% risk of failure)
Press: ? - help, Dir - move target, f/p - ogre
Aim: an ogre, wielding a +0 giant club You miscast Airstrike.
Nothing appears to happen.
You can't go up here!
You climb downwards.
Welcome back to the Ecumenical Temple!
There is a staircase back to the Dungeon here.
You start resting.
Your magical contamination has completely faded away.
You start resting.
Magic restored.
You start resting.
HP restored.
You can't go down here!
You climb upwards.
Welcome back to the Dungeon!
The ogre hits you with a +0 giant club!!
Ouch! That really hurt!
There is a staircase to the Ecumenical Temple, spattered with blood here.
Casting: Airstrike (extremely dangerous; 28% risk of failure)
Confirm with . or Enter, or press ? or * to list all spells.
You feel quick.
The ogre hits you with a +0 giant club!!
Ouch! That really hurt!
You die...

.... .... ....
#...#### #...@O.#
#...##.## #...#P.P#
# #...##.## .#
####...#...#..#
#........>....#
#..##.P#...#.##
######..##..##.####
#..............P#


You could see an ogre.

Vanquished Creatures
  Natasha (thrice) (D:2)
  A worker ant (D:4)
  7 gnolls (D:2)
  3 adders
  An ooze (D:2)
  A worm (D:2)
  2 dart slugs (D:1)
  A leopard gecko (D:2)
  4 orcs (Temple)
  2 giant cockroaches (D:2)
  6 goblins
  9 hobgoblins
  8 bats
  A frilled lizard (D:1)
  2 kobolds
  4 rats
55 creatures vanquished.

Vanquished Creatures (others)
  14 plants (D:4)
  7 withered plants (D:4)
21 creatures vanquished.

Grand Total: 76 creatures vanquished

Notes
Turn   | Place    | Note
-------+----------+-------------------------------------------
     0 | D:1      | Anon1729 the Kobold Air Elementalist began the quest for
                  | the Orb.
     0 | D:1      | Reached XP level 1. HP: 10/10 MP: 3/3
   454 | D:1      | Reached XP level 2. HP: 6/15 MP: 0/5
   715 | D:1      | Reached skill level 3 in Stealth
  1163 | D:1      | Reached XP level 3. HP: 19/19 MP: 0/6
  1280 | D:1      | Learned a level 2 spell: Swiftness
  1284 | D:1      | Learned a level 3 spell: Static Discharge
  1538 | D:2      | Found a shadowy altar of Dithmenos.
  1539 | D:2      | Found a hazy altar of Hepliaklqana.
  1539 | D:2      | Noticed a shadow
  1731 | D:2      | Noticed Natasha
  1758 | D:2      | Killed Natasha
  1759 | D:2      | Reached XP level 4. HP: 20/24 MP: 0/8
  2350 | D:2      | Reached XP level 5. HP: 16/28 MP: 0/9
  2428 | D:2      | Reached skill level 4 in Stealth
  2851 | D:2      | Noticed Natasha
  2858 | D:2      | Killed Natasha
  3308 | D:2      | Noticed Natasha
  3314 | D:2      | Killed Natasha
  3315 | D:2      | Reached XP level 6. HP: 32/32 MP: 3/11
  3827 | D:4      | Found a staircase to the Ecumenical Temple.
  3833 | Temple   | Entered the Ecumenical Temple
  4102 | Temple   | Learned a level 4 spell: Airstrike
  4406 | D:4      | Noticed an ogre
  4512 | D:4      | Demolished by an ogre

Illustrated notes

Levels and vault maps discovered:
D:1:      matt_arrival_spirals, layout_rooms, moated_statue
D:2:      layout_basic, riverfiend_overflow_shadow_ancestor, serial_park_tiny_2,
          uniq_natasha
D:3:      layout_basic, makhleb_blood_cavern_becter, minmay_misc_feat_enclosed
D:4:      layout_loops_cross, lightli_temple_of_fire, kiku_gazebo_garden_becter,
          minmay_temple_entry_gardened_gates, guppyfry_early_lair_pool
Temple:   jpeg_temple_island

Skill      XL: |  1  2  3  4  5 |
---------------+----------------+-----
Stealth        | 3 4 |  4.5
Dodging        | 3 |  3.9
Conjurations   | 2 |  2.6
Spellcasting   | 3 |  3.5
Air Magic      | |  3.9

Action                   |  1- 3 |  4- 6 || total
-------------------------+-------+-------++-------
Melee: Unarmed           |    18 |       ||    18
       Dagger            |     4 |       ||     4
 Cast: Shock             |    60 |   112 ||   172
       Swiftness         |       |     1 ||     1
       Static Discharge  |       |     1 ||     1
 Stab: Sleeping          |     1 |       ||     1
Armor: Robe              |     5 |     3 ||     8
Dodge: Dodged            |    34 |    53 ||    87

Table legend: (Time is in decaauts)
 A = Elapsed time spent in this place.
 B = Non-inter-level travel time spent in this place.
 C = Inter-level travel time spent in this place.
 D = Time resting spent in this place.
 E = Time spent auto-exploring this place.
 F = Levels seen in this place.
 G = Mean time per level.
                   A        B        C        D        E       F      G
               +--------+--------+--------+--------+--------+-----+--------+
         Total |   4512 |   4395 |    117 |   1632 |   1991 |   5 |  902.4 |
       Dungeon |   3953 |   3849 |    104 |   1214 |   1991 |   4 |  988.2 |
        Temple |    559 |    546 |     13 |    418 |      0 |   1 |  559.0 |
               +--------+--------+--------+--------+--------+-----+--------+

Top non-repeatable levels by time:
     D:2: 2074 daAuts
     D:1: 1406 daAuts
  Temple: 559 daAuts
     D:4: 365 daAuts
     D:3: 106 daAuts
